 Dungeon Crawl Stone Soup version 0.22.0 (webtiles) character file.

51 MirrMurr the Chucker (level 3, -1/33 HPs)
             Began as a Troll Hunter on Aug 12, 2018.
             Slain by Sigmund
             ... wielding a +0 scythe
              (9 damage)
             ... on level 2 of the Dungeon.
             The game lasted 00:02:45 (1001 turns).

MirrMurr the Chucker (Troll Hunter)                 Turns: 1001, Time: 00:02:45

Health: -1/33      AC:  5    Str: 20    XL:     3   Next: 57%
Magic:  2/2        EV: 10    Int:  7    God:
Gold:   85         SH:  0    Dex: 11    Spells: 2/2 levels left

rFire    . . .     SeeInvis .     - Unarmed
rCold    . . .     Gourm    +   (no shield)
rNeg     . . .     Faith    .   b - +0 robe
rPois    .         Spirit   .   (helmet restricted)
rElec    .         Reflect  .   (no cloak)
rCorr    .         Harm     .   (gloves unavailable)
MR       .....                  (boots unavailable)
Stlth    +.........             (no amulet)
HPRegen  0.51/turn              (no ring)
MPRegen  0.08/turn              (no ring)

@: confused
A: large, unfitting armour, claws 3, fast metabolism 3, gourmand, regeneration
1, shaggy fur 1, tough skin 2
a: no special abilities


You were on level 2 of the Dungeon.
You were very full.

You visited 1 branch of the dungeon, and saw 2 of its levels.

You collected 85 gold pieces.

Inventory:

Missiles
 g - 93 stones (quivered)
 i - 5 needles of confusion
Armour
 b - a +0 robe (worn)
Scrolls
 e - a scroll of identify
 h - a scroll of fear
Potions
 a - a potion of curing
 j - 2 potions of cancellation
Comestibles
 f - 5 rations


   Skills:
 - Level 1.5 Fighting
 + Level 4.0 Throwing
 - Level 1.5 Dodging
 - Level 0.3 Stealth
 * Level 2.6 Unarmed Combat


You had 2 spell levels left.
You didn't know any spells.
Your spell library was empty.

Dungeon Overview and Level Annotations

Branches:
Dungeon (2/15)

Altars:
Cheibriados

Annotations:
D:2 Sigmund


Innate Abilities, Weirdness & Mutations

You are too large for most types of armour.
You have claws for hands.
Your metabolism is lightning-fast.
You like to eat raw meat.
Your natural rate of healing is unusually fast.
You are covered in fur. (AC +1)
You have very tough skin. (AC +2)


Message History

Sigmund zaps a wand.
The puff of flame misses you.
Fire/throw which item? (* to show all) (? for menu, Esc to quit)
You throw a large rock.
Sigmund casts a spell.
Sigmund flickers and vanishes!
Deactivating autopickup; reactivate with Ctrl-A.
Something hits you.
Unknown command.
Unknown command.
Fire/throw which item? (* to show all) (? for menu, Esc to quit)
You throw a large rock. Something hits you.
* * * LOW HITPOINT WARNING * * *
Unknown command.
Fire/throw which item? (* to show all) (? for menu, Esc to quit)
You don't have any such object.
Fire/throw which item? (* to show all) (? for menu, Esc to quit)
You don't have any such object.
Fire/throw which item? (* to show all) (? for menu, Esc to quit)
You throw a large rock. Something hits you!
You die...

## #.# # #. .
##.###.###. .
#.......... #.
#.......... ##.#
#.#<###.####
#...######.###.##.#
#.......# #.#.##
#...#....## ##...#
## #@###.##
##.#..###
#{##...###>.......
(r##....#.###..###
.####.###.## ##.#
.. #.# ### #.# ..
#.# #.# ### #.# #.#
#.. #.# ###
##.####.#


You could see a rat.

Vanquished Creatures
  Robin (D:2)
  2 worms (D:2)
  2 leopard geckos (D:1)
  4 bats
  9 goblins
  A hobgoblin (D:2)
  A ball python (D:1)
  3 frilled lizards
  3 kobolds
  6 rats
32 creatures vanquished.

Notes
Turn   | Place    | Note
-------+----------+-------------------------------------------
     0 | D:1      | MirrMurr the Troll Hunter began the quest for the Orb.
     0 | D:1      | Reached XP level 1. HP: 19/19 MP: 0/0
    89 | D:1      | Found a snail-covered altar of Cheibriados.
   216 | D:1      | Reached skill level 1 in Unarmed Combat
   250 | D:1      | Reached XP level 2. HP: 27/27 MP: 1/1
   825 | D:2      | Reached XP level 3. HP: 33/33 MP: 2/2
   876 | D:2      | Noticed Robin
   882 | D:2      | Reached skill level 4 in Throwing
   895 | D:2      | Killed Robin
   983 | D:2      | Noticed Sigmund
  1001 | D:2      | Slain by Sigmund

Skill      XL: |  1  2  3 |
---------------+----------+-----
Unarmed Combat | 1 2 |  2.6
Throwing       | 4 |  4.0
Fighting       | |  1.5
Dodging        | |  1.5
Stealth        | |  0.3

Action                   || total
-------------------------++-------
Melee: Unarmed           ||    79
       Short sword       ||     1
       Punch             ||     1
Throw: Large rock        ||     5
       Throwing net      ||     2
  Use: Scroll            ||     3
 Stab: Sleeping          ||     1
  Eat: Chunk             ||    14
Armor: Robe              ||    30
Dodge: Dodged            ||    49
